 Dungeon Crawl Stone Soup version 0.25-a0-942-g87a53962fc (webtiles) character file.

Game seed: 5612648948562820428, levelgen mode: deterministic

105 kae the Chiller (level 4, -1/30 HPs)
             Began as a Merfolk Ice Elementalist on May 6, 2020.
             Slain by a slave (3 damage)
             ... led by Pikel
             ... on level 3 of the Dungeon.
             The game lasted 00:02:35 (3477 turns).

kae the Chiller (Merfolk Ice Elementalist)          Turns: 3477, Time: 00:02:35

Health: -1/30      AC:  3    Str:  9    XL:     4   Next: 83%
Magic:  1/8        EV: 13    Int: 14    God:
Gold:   214        SH:  0    Dex: 14    Spells: 5/9 levels left

rFire    . . .     SeeInvis .   b - +0 short sword
rCold    . . .     Gourm    .   (no shield)
rNeg     . . .     Faith    .   a - +0 robe
rPois    .         Spirit   .   (no helmet)
rElec    .         Reflect  .   (no cloak)
rCorr    .         Harm     .   (no gloves)
MR       .....                  m - +0 pair of boots
Stlth    ++........             (no amulet)
HPRegen  0.10/turn              (no ring)
MPRegen  0.11/turn              (no ring)

@: very slightly contaminated
A: change form in water, swift swim, stealthy swim
a: no special abilities


You were on level 3 of the Dungeon.
You were not hungry.

You visited 1 branch of the dungeon, and saw 4 of its levels.

You collected 214 gold pieces.

Inventory:

Hand Weapons
 b - a +0 short sword (weapon)
Armour
 a - a +0 robe (worn)
 m - a +0 pair of boots (worn)
Jewellery
 d - an uncursed ring of see invisible {unknown}
 i - a +6 ring of strength {unknown}
 j - a cursed ring of see invisible {unknown}
 k - a cursed amulet of inaccuracy {unknown}
Scrolls
 f - a scroll of amnesia
 h - a scroll of remove curse
Potions
 g - a potion of heal wounds {unknown}
Comestibles
 c - 5 rations
 l - 2 chunks of flesh


   Skills:
 - Level 2.6 Dodging
 - Level 2.1 Stealth
 + Level 3.0 Spellcasting
 * Level 6.0 Ice Magic


You had 5 spell levels left.
You knew the following spells:

 Your Spells              Type           Power        Failure   Level  Hunger
a - Freeze                Ice            ###.         1%          1    #......
b - Frozen Ramparts       Ice            ###...       5%          3    ###....

Your spell library contained the following spells:

 Spells                   Type           Power        Failure   Level  Hunger
 Ozocubu's Armour         Chrm/Ice       ##......     19%         3    ###....
 Hailstorm                Conj/Ice       ##......     52%         4    #####..
 Summon Ice Beast         Ice/Summ       ##......     52%         4    #####..


Dungeon Overview and Level Annotations

Branches:
Dungeon (4/15)
 Temple: D:4-7

Altars:
Gozag
Kikubaaqudgha

Annotations:
D:4 Pikel


Message History

Casting: Freeze (safe; 1% risk of failure)
Confirm with . or Enter, or press ? or * to list all spells.
You don't have enough magic to cast that spell.
You barely miss the slave.
The slave is almost dead.
The slave hits you but does no damage.
You feel better. The slave closely misses you.
You closely miss the slave.
The slave is almost dead.
The slave hits you.
* * * LOW HITPOINT WARNING * * *
You closely miss the slave.
The slave is almost dead.
The slave hits you!
* * * LOW HITPOINT WARNING * * *
You closely miss the slave.
The slave is almost dead.
The slave closely misses you. The slave hits you.
You die...

#######.###..####.## #
#......# #.# ###
###.##.# #.# #.. #.##.#
#.# #.# #.##.# #.# #.#
### #.##.# #.# #.# ..#
#.##.# #.# #.#
#.#######.)<.####.#
##########.#
#.............†p@.#
#.......>..#
###...#####>#######
#.########## ###...###
#(# #.# #.......###.#
#.# ............# #.#
#.......##### #.#
###...################.#
##...##....†..........#
##.......###############


You could see a slave.

Vanquished Creatures
  3 adders
  A gnoll (D:1)
  A dart slug (D:1)
  2 leopard geckos
  3 giant cockroaches (D:1)
  6 goblins
  5 hobgoblins
  12 jackals
  2 quokkas
  12 bats
  3 frilled lizards
  6 kobolds
  5 rats
61 creatures vanquished.

Notes
Turn   | Place    | Note
-------+----------+-------------------------------------------
     0 | D:1      | kae the Merfolk Ice Elementalist began the quest for the
                  | Orb.
     0 | D:1      | Reached XP level 1. HP: 13/13 MP: 3/3
   396 | D:1      | Reached XP level 2. HP: 17/19 MP: 3/5
   491 | D:1      | Reached skill level 5 in Ice Magic
   595 | D:1      | Reached XP level 3. HP: 24/24 MP: 6/6
  1492 | D:2      | Found a faded altar of an unknown god.
  1907 | D:2      | Found an ancient bone altar of Kikubaaqudgha.
  1938 | D:2      | Reached XP level 4. HP: 21/30 MP: 2/8
  2568 | D:3      | Learned a level 3 spell: Frozen Ramparts
  2581 | D:3      | Found an opulent altar of Gozag.
  3448 | D:4      | Noticed a slave
  3449 | D:4      | Noticed a slave
  3449 | D:4      | Noticed Pikel
  3450 | D:4      | Noticed a slave
  3450 | D:4      | Noticed a slave
  3462 | D:3      | Reached skill level 6 in Ice Magic
  3477 | D:3      | Slain by a slave

Levels and vault maps discovered:
D:1:      dpeg_arrival_prison, layout_loops_ring, minmay_heptomino_d4
D:2:      layout_basic, kiku_gazebo_pond_becter,
          chequers_ecumenical_altar_simple
D:3:      layout_loops_ring, nicolae_gozag_cash_rules_everything_around_me
D:4:      layout_loops_cross, minmay_temple_entry_enclosed_plants, first_ration,
          nicolae_ossuary_entry_monument, uniq_pikel, uniq_robin,
          uniq_blork_the_orc

Skill      XL: |  1  2  3  4 |
---------------+-------------+-----
Ice Magic      | 5 6 |  6.0
Spellcasting   | 3 |  3.0
Dodging        | |  2.6
Stealth        | |  2.1

Action                   |  1- 3 |  4- 6 || total
-------------------------+-------+-------++-------
Melee: Unarmed           |     8 |       ||     8
       Short sword       |    35 |    18 ||    53
 Cast: Freeze            |    48 |    36 ||    84
  Use: Scroll            |     3 |     2 ||     5
       Potion            |       |     1 ||     1
 Stab: Sleeping          |     4 |     2 ||     6
       Distracted        |     1 |       ||     1
  Eat: Chunk             |     4 |     5 ||     9
Armor: Robe              |    16 |    13 ||    29
Dodge: Dodged            |    52 |    30 ||    82

Table legend:
 A = Non-vault XP
 B = Vault XP
 C = Vault XP percentage of total XP
 D = Non-vault monster count
 E = Vault monster count
 F = Vault count percentage of total count
                 A         B        C        D         E       F
            +---------+---------+-------+---------+---------+-------
      Total |     139 |      12 |   7.9 |      54 |       7 |  11.5
            +---------+---------+-------+---------+---------+-------
        D:1 |      44 |      12 |  21.4 |      20 |       7 |  25.9
        D:2 |      49 |       0 |   0.0 |      21 |       0 |   0.0
        D:3 |      44 |       0 |   0.0 |      12 |       0 |   0.0
        D:4 |       2 |       0 |   0.0 |       1 |       0 |   0.0
            +---------+---------+-------+---------+---------+-------
